 Dungeon Crawl Stone Soup version 0.19.5 (webtiles) character file.

6 tidbits the Sneak (level 1, 0/14 HPs)
             Began as a High Elf Assassin on Dec 12, 2017.
             Killed from afar by a dart slug (6 damage)
             ... with a slug dart
             ... on level 1 of the Dungeon.
             The game lasted 00:00:58 (205 turns).

tidbits the Sneak (High Elf Assassin)                Turns: 205, Time: 00:00:59

Health: 0/14       AC:  3    Str: 10    XL:     1   Next: 75%
Magic:  2/2        EV: 12    Int: 14    God:
Gold:   10         SH:  0    Dex: 16    Spells: 0 memorised, 0 levels left

rFire  . . .     SeeInvis .     a - +2 dagger
rCold  . . .     Gourm    .     c - +0 robe
rNeg   . . .     Faith    .     (no shield)
rPois  .         Spirit   .     (no helmet)
rElec  .         Reflect  .     d - +0 cloak
rCorr  .         Harm     .     (no gloves)
MR     .....                    (no boots)
Stlth  +++.......               (no amulet)
                                (no ring)
                                (no ring)

@: no status effects
A: no striking features
a: no special abilities


You were on level 1 of the Dungeon.
You were not hungry.

You visited 1 branch of the dungeon, and saw 1 of its levels.

You collected 10 gold pieces.

Inventory:

Hand Weapons
 a - a +2 dagger (weapon)
 b - a +0 blowgun
 i - a +0 hunting sling
   (You found it on level 1 of the Dungeon)
Missiles
 e - 8 poisoned needles
 f - 2 curare-tipped needles
Armour
 c - a +0 robe (worn)
 d - a +0 cloak (worn)
Scrolls
 l - a scroll of identify {unknown}
Potions
 h - a potion of heal wounds {unknown}
 j - a potion of brilliance {unknown}
Comestibles
 g - 2 bread rations
 k - a beef jerky


   Skills:
 + Level 2.2 Fighting
 - Level 2.4 Short Blades
 - Level 2.0 Throwing
 + Level 1.8 Dodging
 - Level 4.3 Stealth


You couldn't memorise any spells.
You didn't know any spells.

Dungeon Overview and Level Annotations

Branches:
Dungeon (1/15)

Altars:


Message History

Welcome, tidbits the High Elf Assassin.
The bosom of this dungeon contains the fabled artefact, the Orb of Zot.
Press ? for a list of commands and other information.
Found a staircase leading out of the dungeon.
You enter the shallow water.
Moving in this stuff is going to be slow.
You open the door.
Found a sedimented coppery potion.
There is an open door here.
h - a sedimented coppery potion
There is an open door here.
You enter the shallow water.
Moving in this stuff is going to be slow.
A bat comes into view.
The helpless bat fails to defend itself.
You impale the bat!!
You kill the bat!
A dart slug comes into view.
The helpless dart slug fails to defend itself.
You impale the dart slug!!
You kill the dart slug!
A rat and a kobold come into view.
Found an escape hatch in the floor.
You hit the rat.
You kill the rat!
The kobold shouts!
You barely miss the kobold. The kobold hits you but does no damage.
You closely miss the kobold. The kobold hits you with a whip.
You hit the kobold.
The kobold is moderately wounded.
The kobold hits you with a whip.
You barely miss the kobold.
The kobold is moderately wounded.
You hit the kobold.
The kobold is severely wounded.
The kobold hits you but does no damage.
You hit the kobold.
You kill the kobold!
You see here a whip.
You open the door.
There is an open door here.
Found a hunting sling.
You see here a hunting sling.
i - a hunting sling You open the door.
A frilled lizard comes into view.
Found a fizzy green potion.
There is an open door here.
The frilled lizard hisses angrily.
The frilled lizard closely misses you.
You hit the frilled lizard.
You kill the frilled lizard!
j - a fizzy green potion You open the door.
There is an open door here.
Found a beef jerky.
k - a beef jerky
Found a scroll labeled QEADDORRIUSI.
Found a spear.
Found a bread ration.
l - a scroll labeled QEADDORRIUSI
g - 2 bread rations (gained 1)
Found 10 gold pieces.
You now have 10 gold pieces.
A dart slug comes into view.
The dart slug launches a dart at you. The slug dart hits you!
A giant cockroach comes into view.
The dart slug bites you.
* * * LOW HITPOINT WARNING * * *
You hit the dart slug but do no damage. The dart slug launches a dart at you.
The slug dart misses you.
You hit the dart slug but do no damage. You hit the dart slug.
The dart slug is moderately wounded.
The dart slug bites you but does no damage.
You hit the dart slug.
The dart slug is heavily wounded.
You hit the dart slug but do no damage.
The dart slug is heavily wounded.
The dart slug closely misses you.
You hit the dart slug.
The dart slug is severely wounded.
The dart slug launches a dart at you. The slug dart hits you!
You die...

#...###
#.....#
#.....#
#.....#
..... .s.
#w# #@# #.#
#.# #.# #.#
###### #.#
#....# #.#
## #.##.#
#.# #.#
#.##.###.##
#########


You could see a dart slug and a giant cockroach.

Vanquished Creatures
  A dart slug (D:1)
  A bat (D:1)
  A frilled lizard (D:1)
  A kobold (D:1)
  A rat (D:1)
5 creatures vanquished.

Notes
Turn   | Place    | Note
-------+----------+-------------------------------------------
     0 | D:1      | tidbits the High Elf Assassin began the quest for the Orb.
     0 | D:1      | Reached XP level 1. HP: 14/14 MP: 2/2
   205 | D:1      | Killed from afar by a dart slug

Action                   || total
-------------------------++-------
Melee: Dagger            ||    16
 Stab: Sleeping          ||     2
Armor: Robe              ||     2
Dodge: Dodged            ||     3

Table legend:
 A = Turns spent in this place as a percentage of turns spent in the entire game.
 B = Non-inter-level travel turns spent in this place as a percentage of non-inter-level travel turns spent in the entire game.
 C = Inter-level travel turns spent in this place as a percentage of turns spent in this place.
 D = Turns resting spent in this place as a percentage of non-inter-level travel turns spent in this place.
 E = Turns spent auto-exploring this place as a percentage of non-inter-level travel turns spent in this place.
 F = Non-inter-level travel turns spent in this place divided by the number of levels of this place that you've seen.
                   A       B       C       D       E      F
               +-------+-------+-------+-------+-------+----------------------
         Total | 100.0 | 100.0 |   0.0 |   0.0 |   0.0 | 181.0
       Dungeon | 100.0 | 100.0 |   0.0 |   0.0 |   0.0 | 181.0
               +-------+-------+-------+-------+-------+----------------------

Table legend:
 A = Kills in this place as a percentage of kills in entire the game.
 B = Kills by you in this place as a percentage of kills by you in the entire game.
 C = Kills by friends in this place as a percentage of kills by friends in the entire game.
 D = Other kills in this place as a percentage of other kills in the entire game.
 E = Experience gained in this place as a percentage of experience gained in the entire game.
 F = Experience gained in this place divided by the number of levels of this place that you have seen.
                   A       B       C       D       E      F
               +-------+-------+-------+-------+-------+----------------------
         Total | 100.0 | 100.0 |  -nan |  -nan | 100.0 |   9.0
       Dungeon | 100.0 | 100.0 |  -nan |  -nan | 100.0 |   9.0
               +-------+-------+-------+-------+-------+----------------------

Vault maps used:
D:1:      sevenhm_arrival_forest_fort_small_4
